 Dungeon Crawl Stone Soup version 0.29-a0-330-g52719c12eb (webtiles) character file.

Game seed: 18015091909204187316

3222 Crownlay the Archer (level 9, -15/41 HPs)
             Began as a Spriggan Hunter on May 13, 2022.
             Was a Follower of Dithmenos.
             Demolished by a hornet (16 damage)
             ... on level 8 of the Dungeon on May 14, 2022.
             The game lasted 00:14:24 (7695 turns).

Crownlay the Archer (Spriggan Hunter)               Turns: 7695, Time: 00:14:25

Health: -15/41     AC:  4    Str: 13    XL:     9   Next: 66%
Magic:  10/10      EV: 18    Int:  8    God:    Dithmenos [*.....]
Gold:   381        SH:  0    Dex: 24    Spells: 8/8 levels left

rFire   . . .      SeeInvis +   a - +5 shortbow
rCold   . . .      Faith    .   (shield currently unavailable)
rNeg    . . .      Spirit   .   D - +2 robe {Will+}
rPois   .          Reflect  .   (helmet restricted)
rElec   +          Harm     .   (no cloak)
rCorr   .          Rampage  .   (gloves unavailable)
Will    ++++.                   (boots unavailable)
Stlth   +++++++...              (no amulet)
HPRegen 0.13/turn               i - ring of willpower
MPRegen 0.12/turn               v - ring "Vyto Peorydd" {rElec Will+ Str+6 Int-3 Dex+2}

@: lethally poisoned (-15 -> -29), attractive, slowed, wreathed by umbra, quick
A: very small, no large weapons, unfitting armour, see invisible, speed 3
a: Renounce Religion


You were on level 8 of the Dungeon.
You worshipped Dithmenos.
Dithmenos was aware of your devotion.
You visited 1 branch of the dungeon, and saw 8 of its levels.

You collected 381 gold pieces.

Inventory:

Hand Weapons
 a - a +5 shortbow (weapon)
Armour
 D - a +2 robe of willpower (worn)
Jewellery
 b - a ring of protection from fire
 i - a ring of willpower (left hand)
 v - the ring "Vyto Peorydd" (right hand) {rElec Will+ Str+6 Int-3 Dex+2}
   (You found it on level 7 of the Dungeon)

   [ring of strength]

   Str:       It affects your strength (+6).
   Int:       It affects your intelligence (-3).
   Dex:       It affects your dexterity (+2).
   rElec:     It insulates you from electricity.
   Will:      It increases your willpower.
Scrolls
 c - 2 scrolls of immolation
 d - a scroll of blinking
 h - 4 scrolls of teleportation
 o - 2 scrolls of vulnerability
 q - 2 scrolls of magic mapping
 s - 3 scrolls of summoning
 u - a scroll of amnesia
 w - a scroll of holy word {unknown}
 y - a scroll of enchant armour {unknown}
 A - a scroll of brand weapon {unknown}
Potions
 e - a potion of brilliance {unknown}
 f - 3 potions of flight {unknown}
 g - 5 potions of curing {unknown}
 j - 8 potions of attraction
 k - 3 potions of haste {unknown}
 l - a potion of berserk rage {unknown}
 m - 2 potions of lignification {unknown}
 n - a potion of mutation {unknown}
 p - 2 potions of heal wounds {unknown}
 r - a potion of resistance {unknown}
 t - 2 potions of degeneration {unknown}
 x - 2 potions of ambrosia {unknown}
 z - 3 potions of might {unknown}
 B - a potion of magic {unknown}


   Skills:
 - Level 1.5 Fighting
 * Level 14.0 Bows
 - Level 2.6 Dodging
 + Level 12.1 Stealth


You had 8 spell levels left.
You didn't know any spells.
Your spell library contained the following spells:

 Spells                   Type           Power      Damage    Failure   Level
 Magic Dart               Conj           0%         1d3       41%         1
 Sting                    Tmut/Pois      0%         1d3       41%         1
 Ensorcelled Hibernation  Hex/Ice        0%         N/A       54%         2
 Passwall                 Tmut/Erth      0%         N/A       54%         2
 Poisonous Vapours        Pois/Air       0%         N/A       54%         2
 Searing Ray              Conj           0%         2d4       54%         2
 Swiftness                Air            0%         N/A       78%         3
 Fulminant Prism          Conj/Hex       0%         3d6       99%         4
 Olgreb's Toxic Radiance  Pois           0%         N/A       99%         4


Dungeon Overview and Level Annotations

Branches:
Dungeon (8/15)             Temple (0/1) D:5
   Lair: D:8-11

Altars:
Cheibriados
Dithmenos
Wu Jian
Xom
Zin


Innate Abilities, Weirdness & Mutations

You are very small and have problems with some larger weapons.
You are too small for most types of armour.
You have supernaturally acute eyesight. (SInv)
You cover ground extremely quickly. (Speed+++)


Message History

The centaur warrior is lightly wounded.
You shoot an arrow.
The arrow hits the hornet but does no damage.
You shoot an arrow. The arrow hits the hornet.
The hornet is lightly wounded.
You shoot an arrow. The arrow hits the hornet.
The hornet is lightly wounded.
You shoot an arrow.
The arrow hits the hornet but does no damage.
The hornet is lightly wounded.
You shoot an arrow. The arrow hits the hornet!
The hornet is moderately wounded.
The hornet barely misses you.
You shoot an arrow. The arrow hits the hornet!
The hornet is severely wounded.
The hornet misses you.
You shoot an arrow. The arrow closely misses the hornet.
The arrow hits the centaur warrior but does no damage.
The centaur warrior is lightly wounded.
The hornet stings you!
You are poisoned.
You feel yourself slow down.
You shoot an arrow. The arrow misses the hornet.
The arrow barely misses the centaur warrior.
You feel yourself speed up.
You feel very sick. The hornet closely misses you.
The hornet completely misses you.
You shoot an arrow. The arrow hits the hornet.
The hornet is almost dead.
You feel sick. The hornet stings you!
You are lethally poisoned!
You feel yourself slow down.
It was a potion of attraction.
You feel attractive to monsters.
You feel yourself speed up.
* * * LOW HITPOINT WARNING * * *
You feel very sick. The hornet stings you!
* * * LOW HITPOINT WARNING * * *
You feel yourself slow down. The hornet stings you!
You die...

###.### ####.####
#...c.# #.....†.#
#######c###.###..####.#
........#
#.......###.#####.#
.#####.c#
#.#...............#
#......#.#.......#######
...#####c#.......# .....
#y#)......# .....#
#@#....>..# ......#
#.#.)....## .....#.#
#.......## #####...# ##
#...# .. #...# ###.##.
#####...##.......
##.....).....#.#
...............#


You could see a centaur warrior and a hornet.

Vanquished Creatures
  A two-headed ogre (D:6)
  Grinder (D:6)
  3 wyverns
  Menkaure (D:4)
  A water moccasin (D:7)
  Edmund (D:6)
  An ice beast (D:6)
  2 sky beasts
  2 black bears
  An ogre (D:5)
  Blork the orc (D:6)
  A kobold brigand (D:7)
  A bullfrog (D:7)
  2 scorpions (D:5)
  3 wights (D:6)
  4 killer bees
  2 hounds (D:5)
  4 jellies
  2 iguanas (D:5)
  An orc wizard (D:5)
  Robin (D:3)
  7 adders
  2 shadow imps
  3 white imps (D:6)
  An ufetubus (D:4)
  4 worms
  A dart slug (D:4)
  11 orcs
  3 bats (D:2)
  6 endoplasms
  15 goblins
  13 hobgoblins
  8 jackals
  8 kobolds
  4 quokkas
  8 ball pythons
  6 frilled lizards
  8 rats
144 creatures vanquished.

Vanquished Creatures (others)
  35 plants
35 creatures vanquished.

Grand Total: 179 creatures vanquished

Notes
Turn   | Place    | Note
-------+----------+-------------------------------------------
     0 | D:1      | Crownlay the Spriggan Hunter began the quest for the Orb.
     0 | D:1      | Reached XP level 1. HP: 10/10 MP: 2/2
   105 | D:1      | Reached skill level 5 in Bows
   407 | D:1      | Reached XP level 2. HP: 14/14 MP: 3/3
  1132 | D:2      | Reached XP level 3. HP: 18/18 MP: 4/4
  1742 | D:2      | Reached skill level 6 in Bows
  1986 | D:3      | Reached XP level 4. HP: 21/22 MP: 5/5
  2267 | D:3      | Noticed Robin
  2273 | D:3      | Killed Robin
  2752 | D:3      | Reached XP level 5. HP: 25/25 MP: 6/6
  2962 | D:4      | Noticed a sky beast
  2971 | D:4      | Killed a sky beast
  2972 | D:4      | Reached skill level 7 in Bows
  2972 | D:4      | Reached skill level 5 in Stealth
  2991 | D:4      | Noticed Menkaure
  3004 | D:4      | Killed Menkaure
  3005 | D:4      | Reached skill level 8 in Bows
  3005 | D:4      | Reached XP level 6. HP: 17/30 MP: 7/7
  3426 | D:5      | Entered Level 5 of the Dungeon
  3457 | D:5      | Found a shadowy altar of Dithmenos.
  3465 | D:5      | Became a worshipper of Dithmenos the Shadowed
  3541 | D:5      | Reached XP level 7. HP: 33/33 MP: 8/8
  3544 | D:5      | Found a staircase to the Ecumenical Temple.
  3564 | D:5      | Reached skill level 9 in Bows
  4198 | D:5      | Found an ornate altar of the Wu Jian Council.
  4251 | D:5      | Found a shimmering altar of Xom.
  4310 | D:5      | Found a snail-covered altar of Cheibriados.
  4386 | D:6      | Reached skill level 10 in Bows
  4603 | D:6      | Reached XP level 8. HP: 11/37 MP: 9/9
  4985 | D:6      | Noticed Grinder
  4995 | D:6      | Killed Grinder
  4996 | D:6      | Reached skill level 11 in Bows
  5004 | D:6      | Noticed Edmund
  5103 | D:6      | Killed Edmund
  5241 | D:6      | Noticed a two-headed ogre
  5324 | D:6      | Killed a two-headed ogre
  5325 | D:6      | Reached skill level 12 in Bows
  5325 | D:6      | Reached skill level 10 in Stealth
  5325 | D:6      | Reached XP level 9. HP: 41/41 MP: 10/10
  5590 | D:6      | Noticed Blork the orc
  5627 | D:6      | Killed Blork the orc
  6227 | D:7      | Found a glowing silver altar of Zin.
  6337 | D:7      | Reached * piety under Dithmenos
  6338 | D:7      | Reached skill level 13 in Bows
  6810 | D:7      | Identified the ring "Vyto Peorydd" {rElec Will+ Str+6 Int-3
                  | Dex+2}
  7389 | D:8      | Noticed a centaur warrior
  7553 | D:8      | Reached skill level 14 in Bows
  7695 | D:8      | HP: 1/41 [hornet (10)]
  7695 | D:8      | Demolished by a hornet

Illustrated notes

Levels and vault maps discovered:
D:1:      dpeg_arrival_line_fractal, layout_loops_ring
D:2:      layout_loops_corners, serial_forest, infiniplex_forest_lined_4_way,
          infiniplex_forest_corner_1, infiniplex_forest_clump_double,
          infiniplex_forest_clump_tiny, infiniplex_forest_lined_room_3,
          infiniplex_forest_lined_2, infiniplex_forest_clump_double,
          infiniplex_forest_clump_curved, infiniplex_forest_split,
          infiniplex_forest_end_double, chequers_garden
D:3:      layout_basic, minmay_quantized, uniq_robin
D:4:      layout_rooms, uniq_menkaure
D:5:      layout_basic, old_standard_altar,
          nicolae_dithmenos_through_a_glass_darkly,
          nicolae_wu_jian_wuxing_cycle, general_overflow_altar,
          minmay_temple_entry_ruins, dk_vineyard_1
D:6:      layout_basic, serial_bayou_lagoon_a, uniq_grinder, uniq_blork_the_orc,
          uniq_edmund
D:7:      layout_loops_ring, zin_scriptorium
D:8:      layout_loops_cross, nicolae_overflow_hidden_temple

Skill      XL: |  1  2  3  4  5  6  7  8  9 |
---------------+----------------------------+-----
Bows           | 5 6 8 10 12 14 | 14.0
Stealth        | 2 3 4 5 6 8 10 12 | 12.1
Fighting       | |  1.5
Dodging        | |  2.6

Action                   |  1- 3 |  4- 6 |  7- 9 || total
-------------------------+-------+-------+-------++-------
 Fire: Shortbow          |   111 |   126 |   298 ||   535
  Use: Scroll            |     4 |     3 |     5 ||    12
       Potion            |       |       |     1 ||     1
Armor: Robe              |     3 |     5 |     4 ||    12
Dodge: Dodged            |    19 |    39 |    66 ||   124

Table legend: (Time is in decaauts)
 A = Elapsed time spent in this place.
 B = Non-inter-level travel time spent in this place.
 C = Inter-level travel time spent in this place.
 D = Time resting spent in this place.
 E = Time spent auto-exploring this place.
 F = Levels seen in this place.
 G = Mean time per level.
                   A        B        C        D        E       F      G
               +--------+--------+--------+--------+--------+-----+--------+
         Total |   5797 |   5677 |    120 |     91 |   4598 |   8 |  724.6 |
       Dungeon |   5797 |   5677 |    120 |     91 |   4598 |   8 |  724.6 |
               +--------+--------+--------+--------+--------+-----+--------+

Top non-repeatable levels by time:
     D:6: 1371 daAuts
     D:3: 819 daAuts
     D:7: 772 daAuts
     D:5: 717 daAuts
     D:2: 665 daAuts
     D:1: 653 daAuts
     D:8: 443 daAuts
     D:4: 354 daAuts
